 Dungeon Crawl Stone Soup version 0.29-a0-330-g52719c12eb (webtiles) character file.

Game seed: 5792570476780458903

366 Crownlay the Shooter (level 6, -6/32 HPs)
             Began as a Spriggan Hunter on May 13, 2022.
             Was an Initiate of Dithmenos.
             Killed from afar by Blork the orc (7 damage)
             ... with a magic dart
             ... on level 4 of the Dungeon.
             The game lasted 00:06:20 (3630 turns).

Crownlay the Shooter (Spriggan Hunter)              Turns: 3630, Time: 00:06:20

Health: -6/32      AC:  2    Str:  7    XL:     6   Next: 40%
Magic:  7/7        EV: 19    Int: 11    God:    Dithmenos [......]
Gold:   140        SH:  0    Dex: 20    Spells: 5/5 levels left

rFire   . . .      SeeInvis +   a - +1 shortbow
rCold   . . .      Faith    +   (shield currently unavailable)
rNeg    . . .      Spirit   .   b - +0 robe
rPois   .          Reflect  .   f - +0 hat
rElec   .          Harm     .   (no cloak)
rCorr   .          Rampage  .   (gloves unavailable)
Will    +....                   (boots unavailable)
Stlth   +++.......              q - amulet of faith
HPRegen 0.10/turn               (no ring)
MPRegen 0.10/turn               (no ring)

@: very quick
A: very small, no large weapons, unfitting armour, see invisible, speed 3
a: Renounce Religion


You were on level 4 of the Dungeon.
You worshipped Dithmenos.
Dithmenos was noncommittal.
You visited 2 branches of the dungeon, and saw 5 of its levels.

You collected 140 gold pieces.

Inventory:

Hand Weapons
 a - a +1 shortbow (weapon)
 i - a +1 dagger of electrocution
Armour
 b - a +0 robe (worn)
 f - a +0 hat (worn)
Jewellery
 q - an amulet of faith (around neck)
Scrolls
 c - 2 scrolls of immolation
 d - a scroll of acquirement {unknown}
 e - 5 scrolls of identify {unknown}
 g - 2 scrolls of vulnerability {unknown}
 j - 3 scrolls of noise {unknown}
 k - a scroll of fear {unknown}
 n - a scroll of magic mapping {unknown}
 o - a scroll of blinking {unknown}
 p - a scroll of teleportation {unknown}
Potions
 h - 2 potions of might {unknown}
 l - a potion of flight {unknown}
 m - a potion of degeneration {unknown}


   Skills:
 + Level 3.0 Fighting
 * Level 7.2 Bows
 + Level 4.3 Dodging
 + Level 4.3 Stealth


You had 5 spell levels left.
You didn't know any spells.
Your spell library contained the following spells:

 Spells                   Type           Power      Damage    Failure   Level
 Conjure Flame            Conj/Fire      0%         6-21      71%         3
 Ignite Poison            Fire/Tmut/Pois 0%         N/A       71%         3
 Sticky Flame             Conj/Fire      0%         2d3       98%         4


Dungeon Overview and Level Annotations

Branches:
Dungeon (4/15)             Temple (1/1) D:4

Altars:
Cheibriados
Dithmenos
Elyvilon
Makhleb
Nemelex Xobeh
Ru
Sif Muna
Vehumet

Annotations:
D:4 Blork the orc


Innate Abilities, Weirdness & Mutations

You are very small and have problems with some larger weapons.
You are too small for most types of armour.
You have supernaturally acute eyesight. (SInv)
You cover ground extremely quickly. (Speed+++)


Message History

The giant cockroach completely misses you.
Blork the orc begins to cast a cantrip, but forgets the words!
You shoot an arrow. The arrow hits the giant cockroach!
You kill the giant cockroach!
Dithmenos accepts your kill. Blork the orc misses you.
You shoot an arrow. The arrow closely misses Blork the orc.
Blork the orc casts a spell at you. The puff of frost hits you!
Blork the orc misses you. Blork the orc casts a spell at you.
The puff of frost misses you.
You see here a worm corpse.
You are too injured to fight recklessly!
You are too injured to fight recklessly!
Shoot: a) +1 shortbow
Press: ? - help, Shift-Dir - straight line, f/p - Blork the orc
Aim: Blork the orc, wielding a +0 halberd and wearing a +0 robe (heavily wounded, fast, spells empowered, 70% to hit)
You shoot an arrow. The arrow closely misses Blork the orc.
Blork the orc miscasts a cantrip.
Shoot: a) +1 shortbow
Press: ? - help, Shift-Dir - straight line, f/p - Blork the orc
Aim: Blork the orc, wielding a +0 halberd and wearing a +0 robe (heavily wounded, fast, spells empowered, 70% to hit)
You shoot an arrow. The arrow hits Blork the orc.
Blork the orc is heavily wounded.
Blork the orc gestures at you while chanting.
The magic dart hits you.
* * * LOW HITPOINT WARNING * * *
Blork the orc seems less brilliant.
Press: ? - help, v - describe, . - travel
Here: Blork the orc, wielding a +0 halberd and wearing a +0 robe (heavily wounded, fast)
The floor.
Things that are here:
a +0 club; a kobold corpse Blork the orc miscasts a cantrip.
Blork the orc points at you and mumbles some strange words.
The puff of frost hits you!
* * * LOW HITPOINT WARNING * * *
Blork the orc gestures at you while chanting.
The magic dart hits you!
You die...

.........##...## ##..####.#
#### #......o# #..####)# ..
...#.# ...##.#.###
#.........##### ...##..........
#.###.@.###### #.# #......##
#.# ######.# #)# #.# #.# ##'##
#.# ##...## #.#### ##.....## #
#.##.## ##.......## .##
###.#...####.........####...#.#


You could see Blork the orc (fast).

Vanquished Creatures
  Edmund (D:4)
  A necrophage (D:4)
  3 iguanas (D:4)
  A gnoll (D:1)
  2 adders
  4 worms
  3 dart slugs
  3 orcs
  3 endoplasms
  7 giant cockroaches
  6 goblins
  7 hobgoblins
  3 jackals (D:1)
  6 kobolds
  3 quokkas
  4 ball pythons
  6 bats
  2 frilled lizards (D:2)
  4 rats
69 creatures vanquished.

Notes
Turn   | Place    | Note
-------+----------+-------------------------------------------
     0 | D:1      | Crownlay the Spriggan Hunter began the quest for the Orb.
     0 | D:1      | Reached XP level 1. HP: 10/10 MP: 2/2
    35 | D:1      | Found a faded altar of an unknown god.
    55 | D:1      | Reached skill level 5 in Bows
   238 | D:1      | Reached XP level 2. HP: 8/15 MP: 3/3
   568 | D:1      | Reached XP level 3. HP: 11/18 MP: 4/4
   963 | D:2      | Found a burning altar of Makhleb.
  1576 | D:2      | Reached XP level 4. HP: 23/23 MP: 5/5
  1792 | D:2      | Reached skill level 6 in Bows
  2723 | D:4      | Found a staircase to the Ecumenical Temple.
  2736 | Temple   | Entered the Ecumenical Temple
  2746 | Temple   | Became a worshipper of Dithmenos the Shadowed
  2777 | D:4      | Noticed Edmund
  2916 | D:4      | Killed Edmund
  2917 | D:4      | Reached XP level 5. HP: 22/27 MP: 6/6
  3168 | D:4      | Reached XP level 6. HP: 6/32 MP: 7/7
  3507 | D:4      | Reached skill level 7 in Bows
  3595 | D:4      | Noticed Blork the orc
  3629 | D:4      | HP: 1/32 [Blork the orc/puff of frost (8)]
  3630 | D:4      | Killed from afar by Blork the orc

Illustrated notes

Levels and vault maps discovered:
D:1:      lemuel_arrival_behind_the_door_small, layout_rooms,
          hellmonk_ecumenical_altar_zigzags, minivault_19
D:2:      layout_loops_cross, basic_altar, serial_aquarium,
          aquarium_bridge_square [aquarium_subvault_wall,
          aquarium_subvault_wall, aquarium_subvault_bridge,
          aquarium_subvault_window], aquarium_window_corner, aquarium_window_1,
          aquarium_view_2e, aquarium_pool_S, minmay_misc_feat_tower
D:3:      layout_basic
D:4:      layout_loops_corners, lemuel_tele_altar,
          minmay_temple_entry_large_hall, kennysheep_crisscross, uniq_edmund,
          uniq_blork_the_orc
Temple:   nicolae_temple_great_sept

Skill      XL: |  1  2  3  4  5  6 |
---------------+-------------------+-----
Bows           | 5 6 7 |  7.2
Fighting       | 2 3 |  3.0
Stealth        | 2 3 4 |  4.3
Dodging        | 3 4 |  4.3

Action                   |  1- 3 |  4- 6 || total
-------------------------+-------+-------++-------
 Fire: Shortbow          |   111 |   118 ||   229
Armor: Robe              |     4 |     3 ||     7
Dodge: Dodged            |    29 |    55 ||    84

Table legend: (Time is in decaauts)
 A = Elapsed time spent in this place.
 B = Non-inter-level travel time spent in this place.
 C = Inter-level travel time spent in this place.
 D = Time resting spent in this place.
 E = Time spent auto-exploring this place.
 F = Levels seen in this place.
 G = Mean time per level.
                   A        B        C        D        E       F      G
               +--------+--------+--------+--------+--------+-----+--------+
         Total |   2661 |   2607 |     54 |      0 |   2121 |   5 |  532.2 |
       Dungeon |   2643 |   2595 |     48 |      0 |   2116 |   4 |  660.8 |
        Temple |     18 |     12 |      6 |      0 |      4 |   1 |   18.0 |
               +--------+--------+--------+--------+--------+-----+--------+

Top non-repeatable levels by time:
     D:4: 783 daAuts
     D:1: 754 daAuts
     D:2: 645 daAuts
     D:3: 458 daAuts
  Temple: 18 daAuts
